 Dungeon Crawl Stone Soup version 0.31.0-32-g396128a36d (webtiles) character file.

Game seed: 3094818167398331545

133 AgateBread the Trooper (level 5, 0/54 HPs)
             Began as an Oni Air Elementalist on Apr 9, 2024.
             Succumbed to a water moccasin's poison
             ... on level 4 of the Dungeon.
             The game lasted 00:17:34 (4497 turns).

AgateBread the Trooper (Oni Air Elementalist)       Turns: 4497, Time: 00:17:34

Health: 0/54       AC:  3    Str: 18    XL:     5   Next: 16%
Magic:  7/8        EV:  9    Int: 18    God:
Gold:   289        SH:  0    Dex:  9    Spells: 7/8 levels left

rFire   . .          .
                       - Unarmed
rCold   . . .        (no shield)
rNeg    . . .        a - +0 robe
rPois   .            (helmet restricted)
rElec   .            (no cloak)
rCorr   .            (gloves unavailable)
SInv    .            (boots unavailable)
Will    .....        (no amulet)
Stlth   +            e - +6 ring of strength
HPRegen 0.29/turn    (no ring)
MPRegen 0.11/turn

%: no passive effects
@: lethally poisoned (0 -> -28), about to teleport
A: large, unfitting armour, horns 1, tough skin 1, double potion healing,
drunken brawling
a: no special abilities


You were on level 4 of the Dungeon.
You visited 1 branch of the dungeon, and saw 4 of its levels.

You collected 289 gold pieces.

Inventory:

Armour
 a - a +0 robe (worn)
Jewellery
 e - a +6 ring of strength (left hand)
 g - a ring of fire
Scrolls
 c - 2 scrolls of identify
 d - 2 scrolls of teleportation
 f - a scroll of torment {unknown}
Potions
 b - a potion of magic
 h - 2 potions of curing {unknown}
 i - 2 potions of enlightenment


   Skills:
 + Level 3.9 Fighting
 - Level 1.7 Dodging
 - Level 1.4 Stealth
 + Level 2.6 Unarmed Combat
 - Level 2.4 Spellcasting
 - Level 0.8 Conjurations
 - Level 3.1 Air Magic


You had 7 spell levels left.
You knew the following spells:

 Your Spells              Type           Power      Damage    Failure   Level
a - Shock                 Conj/Air       36%        1d5       8%          1

Your spell library contained the following spells:

 Spells                   Type           Power      Damage    Failure   Level
 Static Discharge         Conj/Air       18%        3-4/arc   12%         2
 Swiftness                Air            13%        N/A       14%         3
 Airstrike                Air            6%         2d(1-17)  43%         4
 Inner Flame              Hex/Fire       2%         N/A       45%         3
 Flame Wave               Conj/Fire      3%         2d5       82%         4
 Sticky Flame             Fire/Alch      2%         2d4       86%         4


Dungeon Overview and Level Annotations

Branches:
Dungeon (4/15)
 Temple: D:4-7

Altars:
Ashenzari
Gozag
Makhleb
Nemelex Xobeh
Xom
Yredelemnul
Zin

Annotations:
D:3 2 transporters, Consumeair16's ghost, amateur GnCA


Innate Abilities, Weirdness & Mutations

You are too large for most types of armour.
You have a pair of small horns on your head.
You have tough skin. (AC +1)
You gain doubled healing and magic from potions.
Whenever you drink a healing potion, you attack all around you.


Message History

You hit the orc. You headbutt the orc.
You kill the orc!
Aiming: Shock (safe; 8% risk of failure)
Press: ? - help, Q - select action Shift-Dir - straight line, f - ball python
Aim: a ball python (64% to hit)
The zap misses the water moccasin.
The zap hits the ball python.
You kill the ball python!
As you read the scroll of teleportation, it crumbles to dust.
You feel strangely unstable. The water moccasin bites you!
Your surroundings suddenly seem different.
The air fills with toxic fumes!
As you read the scroll of poison, it crumbles to dust.
Aiming: Shock (safe; 8% risk of failure)
Press: ? - help, Q - select action Shift-Dir - straight line, f - water moccasin
Aim: a water moccasin (poison gas, 48% to hit)
The zap misses the water moccasin.
Press: ? - help, v - describe, . - travel The floor.
As you read the scroll of teleportation, it crumbles to dust.
You feel strangely unstable. The water moccasin bites you!
You are poisoned.
The water moccasin poisons you!
You barely miss the water moccasin.
Your headbutt misses the water moccasin.
You feel very sick. The water moccasin bites you.
You are more poisoned.
The water moccasin poisons you! The water moccasin bites you.
You are lethally poisoned!
The water moccasin poisons you!
You closely miss the water moccasin.
Your headbutt misses the water moccasin.
You feel extremely sick. The water moccasin bites you.
* * * LOW HITPOINT WARNING * * *
Okay, then.
* * * LOW HITPOINT WARNING * * *
You feel extremely sick. The water moccasin barely misses you.
You die...

.....##.....# ..
.#.._##._§☼§##.. §☼§§§☼§
.#...#####§§§§.. §§☼☼§§§
...#######☼§§§###§§§§☼§§
...#####.§§§§§☼§§☼§§☼§§#
...._.##_..§§§§§☼§§§☼§§☼
......##...##§§§§☼§§§☼§§
.........§§###☼§§☼§☼§§§☼
#........☼☼§§§§§@§§§§§☼☼
##.......§###§☼§S§☼☼§#§§.
.........###§§§§§☼§☼§##.###.
.........####§§§§§§☼§§#..#..
'##+###....#§☼§§§o§§☼§☼§...
#.....###.§§§§§§§.§§§§☼☼.#
#.....###☼##§§§§§§☼☼§§§§.##
+##'##'...##☼§§§§§§§§§☼§..# #
...#..#...##.............##.####


You could see a water moccasin and an orc.

Vanquished Creatures
  A hound (D:4)
  2 adders (D:3)
  A dart slug (D:3)
  A ribbon worm (D:4)
  9 orcs
  5 endoplasms
  2 giant cockroaches
  8 goblins
  7 hobgoblins
  4 quokkas
  6 ball pythons
  6 bats
  4 frilled lizards
  7 kobolds
  8 rats
71 creatures vanquished.

Notes
Turn   | Place    | Note
-------+----------+-------------------------------------------
     0 | D:1      | AgateBread the Oni Air Elementalist began the quest for the
                  | Orb.
     0 | D:1      | Reached XP level 1. HP: 16/16 MP: 3/3
   213 | D:1      | Reached skill level 1 in Fighting
   213 | D:1      | Reached XP level 2. HP: 26/27 MP: 5/5
  1086 | D:1      | Reached skill level 1 in Unarmed Combat
  1697 | D:2      | Reached XP level 3. HP: 35/35 MP: 6/6
  2350 | D:2      | Found a faded altar of an unknown god.
  2567 | D:2      | You fall into a shaft and drop 2 floors!
  2567 | D:4      | Found a glowing silver altar of Zin.
  2568 | D:4      | Found a burning altar of Makhleb.
  2580 | D:4      | Found a broken altar of Ashenzari.
  2584 | D:4      | Found a basalt altar of Yredelemnul.
  2738 | D:3      | Reached XP level 4. HP: 24/44 MP: 2/7
  2974 | D:3      | Found a transporter.
  3013 | D:3      | Found a transporter.
  3043 | D:3      | Noticed Consumeair16's ghost (amateur GnCA)
  3513 | D:3      | Found an opulent altar of Gozag.
  3514 | D:3      | Found a sparkling altar of Nemelex Xobeh.
  3976 | D:4      | Found a shimmering altar of Xom.
  4046 | D:4      | Reached XP level 5. HP: 43/54 MP: 8/8
  4482 | D:4      | Noticed a water moccasin
  4497 | D:4      | Succumbed to a water moccasin's poison

Illustrated notes

Levels and vault maps discovered:
D:1:      saegor_arrival_under_anarchy, layout_basic, minmay_misc_feat_square,
          minmay_misc_feat_four_crosses
D:2:      layout_basic, shapermc_ecumenical_altar_acropolis
D:3:      layout_loops_ring, grunt_temple_overflow_opulence,
          gammafunk_ghost_stat_death, dk_noncrumbling_3
D:4:      layout_cave_pools, nicolae_overflow_macrodata_refinement,
          mainiacjoe_overflow_24_doors, ebering_ghost_sewer_f, uniq_duvessa,
          uniq_ijyb

Skill      XL: |  1  2  3  4 |
---------------+-------------+-----
Fighting       | 1 2 3 |  3.9
Air Magic      | 3 |  3.1
Unarmed Combat | 1 2 |  2.6
Dodging        | |  1.7
Stealth        | |  1.4
Spellcasting   | |  2.4
Conjurations   | |  0.8

Action                     |  1- 3 |  4- 6 || total
---------------------------+-------+-------++-------
  Melee: Unarmed           |   167 |    84 ||   251
         Headbutt          |    21 |    11 ||    32
         Punch             |     2 |     1 ||     3
   Cast: Shock             |    15 |    12 ||    27
    Use: Scroll            |     3 |     3 ||     6
   Stab: Sleeping          |     2 |     1 ||     3
 Armour: Robe              |   128 |    54 ||   182
  Dodge: Dodged            |    93 |    32 ||   125
